 Dungeon Crawl Stone Soup version 0.30.0-29-ga12c61a403 (webtiles) character file.

Game seed: 13008277374078704998

2786 javelincjr the Trooper (level 10, -1/75 HPs)
             Began as a Djinni Summoner on June 21, 2023.
             Was a Believer of Qazlal.
             Slain by an orc
             ... wielding a +1 hand axe of electrocution
              (20 damage)
             ... on level 6 of the Dungeon.
             The game lasted 00:42:21 (6303 turns).

javelincjr the Trooper (Djinni Summoner)            Turns: 6303, Time: 00:42:22

Health: -1/75      AC:  7    Str: 13    XL:     10   Next: 1%
Gold:   738        EV: 14    Int: 22    God:    Qazlal [**....] SH:  3 Dex: 13

rFire   + + .        w - +4 scythe (flame)
rCold   x . .        (shield currently unavailable)
rNeg    . . .        A - +0 steam dragon scales
rPois   ∞            (no helmet)
rElec   .            m - +0 cloak
rCorr   .            (no gloves)
SInv    .            (boots unavailable)
Will    +....        (no amulet)
Stlth   +            c - +6 ring of strength
HPRegen 0.32/turn    (no ring)
MPRegen 0.00/turn

%: infuse magic (-2 HP)
@: flying
A: sickness immunity, fire resistance 2, cold vulnerability 1, float, innate
caster, HP casting, extra vitality 1
a: Renounce Religion, Upheaval


You were on level 6 of the Dungeon.
You worshipped Qazlal.
Qazlal was pleased with you.
You visited 2 branches of the dungeon, and saw 7 of its levels.
You also visited: Ossuary.

You collected 738 gold pieces.

Inventory:

Hand Weapons
 g - a +1 dagger of protection
 w - a +4 scythe of flaming (weapon)
Armour
 a - a +0 robe
 m - a +0 cloak (worn)
 A - +0 steam dragon scales (worn)
Jewellery
 c - a +6 ring of strength (left hand)
Scrolls
 b - a scroll of acquirement {unknown}
 d - a scroll of poison {unknown}
 f - a scroll of blinking {unknown}
 h - 2 scrolls of butterflies
 j - a scroll of noise {unknown}
 k - 3 scrolls of amnesia
 p - 2 scrolls of enchant weapon
 q - 2 scrolls of immolation
 s - 2 scrolls of fear {unknown}
 t - a scroll of silence {unknown}
 v - a scroll of fog {unknown}
 x - 4 scrolls of teleportation
 y - 2 scrolls of magic mapping {unknown}
 E - a scroll of torment {unknown}
Potions
 e - 3 potions of cancellation
 i - 2 potions of might
 l - 3 potions of degeneration
 n - a potion of brilliance {unknown}
 o - 4 potions of curing
 r - a potion of mutation {unknown}
 u - 3 potions of flight
 z - a potion of haste {unknown}
 B - a potion of heal wounds {unknown}
 C - a potion of lignification {unknown}
 D - a potion of ambrosia {unknown}


   Skills:
 * Level 7.4 Fighting
 + Level 5.1 Armour
 + Level 6.1 Dodging
 - Level 1.5 Stealth
 * Level 6.7 Spellcasting


You knew the following spells:

 Your Spells              Type           Power      Damage    Failure   Level
a - Summon Small Mammal   Summ           100%       N/A       1%          1
b - Call Imp              Summ           72%        N/A       1%          2
c - Call Canine Familiar  Summ           36%        N/A       1%          3
d - Summon Guardian Gole  Hex/Summ       36%        N/A       1%          3
e - Summon Lightning Spi  Summ/Air       36%        N/A       5%          4
f - Apportation           Tloc           72%        N/A       1%          1
g - Blink                 Tloc           72%        N/A       1%          2
h - Searing Ray           Conj           72%        2d7       1%          2
i - Frozen Ramparts       Ice            72%        1d11      1%          3
Your spell library was empty.

Dungeon Overview and Level Annotations

Branches:
Dungeon (6/15)             Temple (1/1) D:4         Ossuary (visited)

Altars:
Ashenzari
Cheibriados
Dithmenos
Elyvilon
Fedhas
Gozag
Hepliaklqana
Makhleb
Nemelex Xobeh
Okawaru
Qazlal
Trog
Uskayaw
Wu Jian
Xom
Yredelemnul
Zin

Shops:
D:5 **


Innate Abilities, Weirdness & Mutations

You are immune to sickness and miasma.
You are immune to poison.
Your flesh is very heat resistant. (rF++)
You are vulnerable to cold. (rC-)
You float through the air rather than walking.
You learn spells naturally, not from books.
Your magical power is your life essence.
You have superior vitality. (+4 MHP)


Message History

The orc closely misses your hound.
The orc barely misses something.
The orc hits your guardian golem but does no damage.
You hit the orc priest. You burn the orc priest.
The orc priest is severely wounded.
The orc priest hits you but does no damage.
The orc barely misses your guardian golem.
Your magical contamination has completely faded away.
You hit the orc priest. You burn the orc priest.
The orc priest is almost dead.
The orc priest hits you but does no damage.
The orc priest invokes the aid of Beogh against you.
Beogh smites you! Something hits your guardian golem.
The orc priest barely misses you.
The orc priest invokes the aid of Beogh against you.
Beogh smites you!
You swap places.
Your hound barely misses the orc priest.
Your hound closely misses the orc priest.
The orc priest mumbles some strange prayers to Beogh against you.
Your hound writhes in agony.
The orc priest looks satisfied for a moment.
You swap places.
Your hound barely misses the orc priest.
Your cerulean imp hits the orc priest from afar with a -1 spear.
The orc priest dies!
Qazlal accepts your kill. The black bear misses your hound.
The black bear claws your hound.
The black bear completely misses your hound.
The orc priest hits your hound with a +0 flail!
Your hound bites the black bear.
Your cerulean imp closely misses the black bear.
Your hound barely misses the black bear.
The orc priest hits your hound with a +0 flail!
Your hound dies!
Your hound's corpse disappears in a puff of smoke!
The orc hits you with a +1 hand axe of electrocution.
* * * LOW HITPOINT WARNING * * *
You are electrocuted!!
You die...

..... #.###...........######
#####...##.'.........########
#....###......<..........
#......##.##############.#
#...#...#.# ##....
#....#.....# ##..... ....
#.....# #......
..?..#.h.#○##########......
#....o§5.@.........#..[...
...#.9)#8o!...#####....<...
.......#......# ###......
...#...).#..........(#.....
#........#...###.###.......
...........>... ..........
..........###### ###......
.......... #...... #......#
.......


You could see a black bear (ally target), an orc priest, an orc, a friendly
guardian golem (summoned), a friendly lightning spire (summoned, sheltered) and
a friendly cerulean imp (summoned, sheltered).

Vanquished Creatures
  A water moccasin (D:5)
  An ice beast (D:5)
  An ogre (D:5)
  A black bear (D:6)
  A kobold brigand (D:6)
  An elf zombie (Ossuary)
  A bullfrog (D:6)
  A scorpion (D:5)
  A howler monkey (D:5)
  A jelly (D:5)
  2 human zombies (Ossuary)
  2 hounds
  2 iguanas (D:5)
  Natasha (D:3)
  3 mummies
  A gnoll (D:5)
  2 adders
  2 dart slugs (D:5)
  3 orcs
  2 bats (D:2)
  3 giant cockroaches
  A hobgoblin (D:2)
  5 kobolds
  4 quokkas
  4 ball pythons
  4 goblins
  A kobold zombie (D:6)
  2 rats
54 creatures vanquished.

Vanquished Creatures (collateral kills)
  Sigmund (D:3)
  A steam dragon (D:5)
  An ogre (D:5)
  2 elf zombies (Ossuary)
  A nameless horror (D:6)
  A scorpion (D:5)
  A human zombie (Ossuary)
  A centaur zombie (Ossuary)
  A hound (D:5)
  2 jellies (D:5)
  An orc priest (D:6)
  A gnoll bouda (D:5)
  3 iguanas
  A sleepcap (D:5)
  Natasha (D:3)
  4 orc wizards
  A mummy (Ossuary)
  2 gnolls (D:5)
  6 adders
  2 worms
  3 dart slugs
  4 orcs
  6 bats
  2 endoplasms
  4 giant cockroaches
  4 goblins (D:1)
  2 hobgoblins (D:1)
  3 jackals (D:2)
  10 kobolds
  5 quokkas
  7 ball pythons
  A frilled lizard (D:2)
  A kobold zombie (D:6)
  4 rats
90 creatures vanquished.

Vanquished Creatures (others)
  A water moccasin (D:5)
  An orc warrior (D:5)
  A centaur (D:5)
  An ogre (D:5)
  An elf zombie (Ossuary)
  2 centaur zombies (Ossuary)
  2 human zombies (Ossuary)
  An iguana (D:5)
  2 orc wizards (D:5)
  An adder (D:5)
13 creatures vanquished.

Grand Total: 157 creatures vanquished

Notes
Turn   | Place    | Note
-------+----------+-------------------------------------------
     0 | D:1      | javelincjr the Djinni Summoner began the quest for the Orb.
     0 | D:1      | javelincjr set off with the following spells memorised:
                  | Summon Small Mammal, Call Imp, Call Canine Familiar, Summon
                  | Guardian Golem, Summon Lightning Spire.
     0 | D:1      | Reached XP level 1. HP: 15/15 MP: 0/0
   139 | D:1      | Reached XP level 2. HP: 3/22 MP: 0/0
   422 | D:1      | Reached skill level 1 in Fighting
   658 | D:1      | Reached XP level 3. HP: 26/27 MP: 0/0
   658 | D:1      | Learned a level 1 spell: Apportation
  1302 | D:2      | Found a shadowy altar of Dithmenos.
  1417 | D:2      | Reached skill level 1 in Armour
  1529 | D:2      | Reached XP level 4. HP: 30/33 MP: 0/0
  1593 | D:2      | Found a faded altar of an unknown god.
  2022 | D:3      | Noticed Natasha
  2036 | D:3      | Killed Natasha
  2037 | D:3      | Reached skill level 2 in Fighting
  2261 | D:3      | Reached XP level 5. HP: 36/38 MP: 0/0
  2261 | D:3      | Learned a level 2 spell: Blink
  2299 | D:3      | Found a glowing silver altar of Zin.
  2383 | D:3      | Noticed Sigmund
  2647 | D:3      | Killed Sigmund
  2648 | D:3      | Reached skill level 3 in Fighting
  2648 | D:3      | Reached XP level 6. HP: 36/46 MP: 0/0
  2695 | D:3      | Noticed Natasha
  2702 | D:3      | Killed Natasha
  2915 | D:4      | Found a blossoming altar of Fedhas.
  3152 | D:4      | Found a staircase to the Ecumenical Temple.
  3175 | Temple   | Entered the Ecumenical Temple
  3175 | Temple   | Found a transporter.
  3175 | Temple   | Found a transporter.
  3177 | Temple   | Found a transporter.
  3177 | Temple   | Found a transporter.
  3202 | Temple   | Became a worshipper of Qazlal Stormbringer
  3332 | D:4      | Found an iron altar of Okawaru.
  3332 | D:4      | Found a basalt altar of Yredelemnul.
  3333 | D:4      | Found an opulent altar of Gozag.
  3402 | D:4      | Found a hazy altar of Hepliaklqana.
  3508 | D:4      | Found a shadowy altar of Dithmenos.
  3805 | D:4      | Reached XP level 7. HP: 43/50 MP: 0/0
  3805 | D:4      | Learned a level 2 spell: Searing Ray
  3990 | D:5      | Entered Level 5 of the Dungeon
  4269 | D:5      | Reached skill level 4 in Fighting
  4368 | D:5      | Found Vapt's Specific Store.
  4413 | D:5      | Reached XP level 8. HP: 34/58 MP: 0/0
  4419 | D:5      | Reached skill level 5 in Spellcasting
  4602 | D:5      | Found Buuraimarph's General Store.
  4662 | D:5      | Reached skill level 5 in Fighting
  4709 | D:5      | Reached * piety under Qazlal
  5261 | D:5      | Reached skill level 5 in Dodging
  5261 | D:5      | Reached XP level 9. HP: 62/66 MP: 0/0
  5261 | D:5      | Learned a level 3 spell: Frozen Ramparts
  5325 | D:5      | Reached skill level 6 in Fighting
  5823 | D:6      | Found a sand-covered staircase.
  5837 | Ossuary  | Entered an ossuary
  5968 | Ossuary  | Reached ** piety under Qazlal
  5989 | Ossuary  | Reached skill level 7 in Fighting
  6176 | D:6      | Found a broken altar of Ashenzari.
  6176 | D:6      | Found a hide-covered altar of Uskayaw.
  6248 | D:6      | Reached skill level 5 in Armour
  6293 | D:6      | Reached XP level 10. HP: 46/75 MP: 0/0
  6303 | D:6      | Slain by an orc

Illustrated notes

Levels and vault maps discovered:
D:1:      dpeg_arrival_prison, layout_loops_corners
D:2:      layout_rooms, shapermc_ecumenical_altar_notcrosses, basic_altar,
          st_stairs_2
D:3:      layout_rooms, zin_scriptorium, dreamdust_mushroom_princess,
          bh_walls_and_bars, uniq_natasha, uniq_sigmund
D:4:      layout_basic, mainiacjoe_overflow_24_doors, fedhas_altar_fruit_tree,
          nicolae_dithmenos_the_darkroom, gammafunk_temple_overflow_claw,
          minmay_temple_entry_stoned_glass
D:5:      minmay_polygon_palace, layout_rooms, nicolae_specific_store,
          amcnicky_mini_pool_medium
D:6:      lemuel_ice_spiral_2, layout_rooms,
          gammafunk_temple_overflow_forgotten, serial_aquarium,
          aquarium_bridge_square [aquarium_subvault_bridge,
          aquarium_subvault_bridge, aquarium_subvault_wall,
          aquarium_subvault_window], aquarium_bridge_straight
          [aquarium_subvault_bridge, aquarium_subvault_window,
          aquarium_subvault_bridge, aquarium_subvault_wall],
          aquarium_window_fake, aquarium_window_2, aquarium_window_1,
          aquarium_window_corridor_1, aquarium_view_2a,
          nicolae_ossuary_entry_giza, minmay_manual_mail, uniq_edmund
Temple:   hellmonk_temple_divided_pantheon

Skill      XL: |  1  2  3  4  5  6  7  8  9 |
---------------+----------------------------+-----
Fighting       | 1 2 3 4 5 7 |  7.4
Armour         | 1 2 3 5 |  5.1
Dodging        | 3 4 5 6 |  6.1
Spellcasting   | 4 5 6 |  6.7
Stealth        | |  1.5

Action                     |  1- 3 |  4- 6 |  7- 9 | 10-12 || total
---------------------------+-------+-------+-------+-------++-------
  Melee: Club              |    14 |       |       |       ||    14
         Unarmed           |     1 |       |       |       ||     1
         Punch             |     1 |       |       |       ||     1
         Dagger            |    32 |    32 |       |       ||    64
         Halberd           |       |    19 |   127 |     2 ||   148
   Cast: Summon Small Mamm |    34 |    11 |     2 |       ||    47
         Call Imp          |    18 |    14 |    21 |       ||    53
         Call Canine Famil |     2 |    16 |    26 |       ||    44
         Summon Guardian G |       |     5 |    21 |     1 ||    27
         Summon Lightning  |       |     1 |     9 |       ||    10
         Frozen Ramparts   |       |       |     1 |       ||     1
    Use: Potion            |       |       |     2 |       ||     2
         Scroll            |       |       |     8 |       ||     8
   Stab: Sleeping          |     1 |     1 |       |       ||     2
         Distracted        |     1 |     2 |     2 |       ||     5
 Armour: Robe              |    19 |     8 |     4 |       ||    31
         Steam dragon scal |       |       |     9 |     2 ||    11
  Dodge: Dodged            |    36 |    26 |    64 |     1 ||   127
  Block: Other             |       |       |     4 |       ||     4
